 Dungeon Crawl Stone Soup version 0.30-a0-341-g682706514a (webtiles) character file.

Game seed: 5126462649373925000

730 Shayle the Sneak (level 7, -2/63 HPs)
             Began as a Naga Reaver on Nov 1, 2022.
             Slain by a lemure (6 damage)
             ... led by Pikel
             ... on level 3 of the Dungeon.
             The game lasted 00:11:31 (2946 turns).

Shayle the Sneak (Naga Reaver)                      Turns: 2946, Time: 00:11:32

Health: -2/63      AC:  5    Str: 15    XL:     7   Next: 73%
Magic:  11/11      EV:  9    Int: 13    God:
Gold:   186        SH:  0    Dex: 11    Spells: 10/12 levels left

rFire   . . .      SeeInvis +    f - +0 eveningstar
rCold   . . .      Faith    .    (no shield)
rNeg    . . .      Spirit   .    k - +1 ring mail
rPois   +          Reflect  .    (no helmet)
rElec   .          Harm     .    (no cloak)
rCorr   +          Rampage  .    (no gloves)
Will    .....                    (no barding)
Stlth   ++........               (no amulet)
HPRegen 0.30/turn                i - ring of resist corrosion
MPRegen 0.12/turn                (no ring)

@: very slow
A: AC +2, large, see invisible, deformed body, poison resistance, slowness 2,
spit poison 1, naga tail 1
a: Spit Poison


You were on level 3 of the Dungeon.
You visited 1 branch of the dungeon, and saw 4 of its levels.

You collected 186 gold pieces.

Inventory:

Hand Weapons
 a - a +0 spear
 f - a +0 eveningstar (weapon)
Missiles
 j - 9 poisoned darts (quivered)
 w - 3 silver javelins
Armour
 b - a +0 leather armour
 k - a +1 ring mail (worn)
 q - a +0 leather armour of poison resistance
 v - a +0 kite shield
Jewellery
 i - a ring of resist corrosion (left hand)
 o - a +6 ring of strength
Scrolls
 c - a scroll of poison
 n - 4 scrolls of silence
 p - a scroll of magic mapping
 t - a scroll of enchant weapon
Potions
 d - a potion of heal wounds {unknown}
 e - a potion of flight {unknown}
 g - 2 potions of attraction
 h - a potion of haste
 l - 2 potions of magic
 m - a potion of berserk rage {unknown}
 r - a potion of curing
 u - a potion of might
 x - a potion of invisibility {unknown}


   Skills:
 + Level 3.7 Fighting
 + Level 1.7 Maces & Flails
 - Level 3.9 Polearms
 + Level 3.1 Dodging
 + Level 4.8 Stealth
 + Level 3.1 Spellcasting
 - Level 4.1 Conjurations
 + Level 2.5 Fire Magic


You had 10 spell levels left.
You knew the following spells:

 Your Spells              Type           Power      Damage    Failure   Level
a - Kiss of Death         Conj/Necr      28%        2d7       19%         1
b - Foxfire               Conj/Fire      40%        2x1d6     12%         1

Your spell library contained the following spells:

 Spells                   Type           Power      Damage    Failure   Level
 Shock                    Conj/Air       28%        1d4       19%         1
 Momentum Strike          Conj/Tloc      14%        3d8       28%         2
 Hailstorm                Conj/Ice       7%         3d4       50%         3
 Mephitic Cloud           Conj/Pois/Air  5%         N/A       61%         3
 Kindle Blastsparks       Fire/Tloc/Air  8%         2d10      67%         3
 Flame Wave               Conj/Fire      10%        2d6       75%         4
 Swiftness                Air            2%         N/A       80%         3
 Airstrike                Air            1%         2d(1-17)  99%         4
 Fire Storm               Conj/Fire      5%         8d1       100%        9


Dungeon Overview and Level Annotations

Branches:
Dungeon (4/15)
 Temple: D:4-7

Altars:

Annotations:
D:4 Pikel


Innate Abilities, Weirdness & Mutations

Your serpentine skin is tough. (AC +2)
You have supernaturally acute eyesight. (SInv)
Armour fits poorly on your strangely shaped body.
Your system is resistant to poisons. (rPois)
You cover ground very slowly.
You can spit poison.
You have a snake-like lower body.


Message History

There is a stone staircase leading down here.
You barely miss the lemure.
The lemure hits you but does no damage. x2
You puncture the lemure!
The lemure is moderately wounded.
The lemure hits you but does no damage. The lemure misses you.
You hit the lemure.
The lemure is heavily wounded.
The lemure hits you. x2; The lemure hits you!
The lemure hits you.
You miss the lemure.
The lemure is heavily wounded.
The lemure closely misses you. The lemure hits you.
You miss the lemure.
The lemure is heavily wounded.
The lemure hits you. The lemure barely misses you. The lemure hits you.
The lemure hits you but does no damage.
You barely miss the lemure.
The lemure is heavily wounded.
The lemure hits you. The lemure closely misses you.
You completely miss the lemure. Your punch misses the lemure.
The lemure is moderately wounded.
The lemure hits you. The lemure hits you but does no damage.
You closely miss the lemure.
The lemure is moderately wounded.
The lemure hits you. The lemure hits you but does no damage.
The lemure hits you. x2
* * * LOW HITPOINT WARNING * * *
Okay, then.
Okay, then.
Okay, then.
As you read the scroll labelled BYFAUPHI DAVAO, it crumbles to dust.
It is a scroll of identify.
t - a scroll of enchant weapon The lemure hits you.
* * * LOW HITPOINT WARNING * * *
The lemure hits you.
* * * LOW HITPOINT WARNING * * *
Okay, then.
It was a potion of magic.
Magic courses through your body. The lemure closely misses you.
The lemure hits you.
You die...

#...#.......##.......##
#...#.......###........
#...#..................
##...#..................
#....'....<...#.........
#....#............#.....
####.##....................
#....##(#..........##.#....
#.#####..5@........##......
#.....#....5..##...########
#####.#....)......## #
#.#.........#.# #
#.#.###.##..#.#########
#.#.......#..........^.
#...#...#.#.#.#########
###...........## #....
#.....##.#...####.##.


You could see 2 lemures.

Vanquished Creatures
  Sigmund (D:2)
  Edmund (D:4)
  A black bear (D:3)
  A scorpion (D:4)
  3 orc priests
  Jessica (D:2)
  An iguana (D:4)
  Terence (D:2)
  3 gnolls
  5 adders
  4 dart slugs
  7 orcs
  8 ball pythons
  5 bats
  6 endoplasms
  5 giant cockroaches
  3 goblins
  7 hobgoblins
  3 kobolds
  3 quokkas
  4 frilled lizards
  5 rats (D:1)
78 creatures vanquished.

Vanquished Creatures (others)
  19 foxfires
19 creatures vanquished.

Grand Total: 97 creatures vanquished

Notes
Turn   | Place    | Note
-------+----------+-------------------------------------------
     0 | D:1      | Shayle the Naga Reaver began the quest for the Orb.
     0 | D:1      | Reached XP level 1. HP: 19/19 MP: 3/3
    88 | D:1      | Got Jeiwnie's Codex of the Sweltering Squall
   291 | D:1      | Reached skill level 1 in Stealth
   291 | D:1      | Reached XP level 2. HP: 26/26 MP: 5/5
   731 | D:2      | Reached XP level 3. HP: 30/33 MP: 6/6
   740 | D:2      | Noticed Jessica
   752 | D:2      | Killed Jessica
   807 | D:2      | Noticed Terence
   854 | D:1      | Learned a level 1 spell: Foxfire
   976 | D:2      | Reached XP level 4. HP: 40/40 MP: 7/7
  1010 | D:2      | Noticed Sigmund
  1012 | D:2      | Killed Terence
  1026 | D:2      | Killed Sigmund
  1027 | D:2      | Reached skill level 1 in Fire Magic
  1027 | D:2      | Reached XP level 5. HP: 12/49 MP: 5/8
  1027 | D:2      | Reached XP level 6. HP: 14/56 MP: 5/9
  1892 | D:4      | Noticed Edmund
  1913 | D:4      | HP: 2/56 [Edmund/+1 vorpal flail (4)]
  1914 | D:4      | Killed Edmund
  1915 | D:4      | Reached skill level 1 in Maces & Flails
  1915 | D:4      | Reached XP level 7. HP: 2/62 MP: 11/11
  2934 | D:4      | Noticed Pikel
  2946 | D:3      | Slain by a lemure

Illustrated notes

Levels and vault maps discovered:
D:1:      elethiomel_arrival_maze, layout_basic
D:2:      minmay_chambers_of_twos, layout_rooms, chequers_serial_rivers_micro_d,
          uniq_sigmund, uniq_jessica, uniq_terence
D:3:      layout_basic
D:4:      layout_basic, uniq_pikel, uniq_edmund

Skill      XL: |  1  2  3  4  5  6  7 |
---------------+----------------------+-----
Stealth        | 1 2 3 4 |  4.8
Dodging        | 2 3 |  3.1
Fighting       | 3 |  3.7
Fire Magic     | 1 2 |  2.5
Maces & Flails | 1 |  1.7
Spellcasting   | 3 |  3.1
Conjurations   | 4 |  4.1
Polearms       | |  3.9

Action                   |  1- 3 |  4- 6 |  7- 9 || total
-------------------------+-------+-------+-------++-------
Melee: Spear             |    43 |    71 |       ||   114
       Punch             |     1 |     1 |     2 ||     4
       Eveningstar       |       |    31 |    72 ||   103
Throw: Dart              |       |     1 |     8 ||     9
 Cast: Foxfire           |       |     5 |     5 ||    10
       Kiss of Death     |       |     1 |       ||     1
 Abil: Spit Poison       |    21 |     6 |     5 ||    32
  Use: Scroll            |     1 |     3 |     3 ||     7
       Potion            |       |     6 |     1 ||     7
 Stab: Sleeping          |       |       |     2 ||     2
Armor: Scale mail        |    11 |       |       ||    11
       Ring mail         |    10 |    39 |    35 ||    84
       Skin              |       |    15 |       ||    15
Dodge: Dodged            |    25 |    49 |    42 ||   116

Table legend: (Time is in decaauts)
 A = Elapsed time spent in this place.
 B = Non-inter-level travel time spent in this place.
 C = Inter-level travel time spent in this place.
 D = Time resting spent in this place.
 E = Time spent auto-exploring this place.
 F = Levels seen in this place.
 G = Mean time per level.
                   A        B        C        D        E       F      G
               +--------+--------+--------+--------+--------+-----+--------+
         Total |   3683 |   3587 |     96 |    670 |   1724 |   4 |  920.8 |
       Dungeon |   3683 |   3587 |     96 |    670 |   1724 |   4 |  920.8 |
               +--------+--------+--------+--------+--------+-----+--------+

Top non-repeatable levels by time:
     D:1: 1025 daAuts
     D:4: 1005 daAuts
     D:2: 1002 daAuts
     D:3: 650 daAuts
